 Dungeon Crawl Stone Soup version 0.28-a0-769-g550dbda0cd (webtiles) character file.

Game seed: 9965602126181362082

50463 cheechan the Fencer (level 14, -33/147 HPs)
             Began as a Naga Fighter on Oct 31, 2021.
             Was an Initiate of Gozag.
             Annihilated by an enormous slime creature (57 damage)
             ... on level 14 of the Dungeon.
             The game lasted 01:12:24 (14732 turns).

cheechan the Fencer (Naga Fighter)                 Turns: 14732, Time: 01:12:24

Health: -33/147    AC: 43    Str: 32    XL:     14   Next: 55%
Magic:  14/14      EV:  7    Int:  9    God:    Gozag
Gold:   1044       SH:  0    Dex: 19    Spells: 13/13 levels left

rFire   . . .      SeeInvis +   A - +9 great sword "Newtbane" {flame, rElec}
rCold   . . .      Faith    .   (shield currently unavailable)
rNeg    + . .      Spirit   .   w - +9 plate armour {ponderous}
rPois   +          Reflect  .   n - +1 helmet
rElec   +          Harm     .   c - +0 cloak
rCorr   .          Rampage  .   C - +0 pair of gloves "Qaodurcham" {Regen+ Str+3}
Will    +....      Rnd*Tele +   Q - +10 Black Knight's barding {ponderous, rPois rN+}
Stlth   ..........              m - amulet of regeneration
HPRegen 2.34/turn               x - +6 ring of dexterity
MPRegen 0.14/turn               Z - ring of Orulayw {Wiz Fly rPois Str+4 Stlth-}

@: gold aura, flying, studying Evocations, very slow
A: AC +4, large, see invisible, deformed body, poison resistance, slowness 2,
spit poison 1, naga tail 2, claws 1, agile 1, strong 1, teleportitis 1
a: Spit Poison, Renounce Religion, Potion Petition, Call Merchant, Bribe Branch


You were on level 14 of the Dungeon.
You worshipped Gozag.
Gozag was most pleased with you.
You visited 2 branches of the dungeon, and saw 15 of its levels.
You also visited: Sewer.

You collected 3718 gold pieces.
You spent 2091 gold pieces at shops.
You paid 583 gold pieces to Gozag.

Inventory:

Hand Weapons
 a - a +1 war axe
 v - a +0 shortbow
 A - the +9 great sword "Newtbane" (weapon) {flame, rElec}
   (You found it on level 5 of the Dungeon)

   It burns those it strikes, dealing additional fire damage.
   Big, fiery blades are also staple armaments of hydra-hunters.
   rElec:     It insulates you from electricity.
 D - a +7 spear of venom
 O - a +0 broad axe
 P - a +2 trident of flaming
Missiles
 f - 519 arrows
 i - 66 poisoned darts
 j - 396 stones
 q - 8 atropa-tipped darts
 y - 6 boomerangs
 B - 83 sling bullets
 H - 104 bolts
 R - 5 curare-tipped darts
 U - a throwing net (quivered)
Armour
 c - a +0 cloak (worn)
 n - a +1 helmet (worn)
 o - a +0 crystal plate armour
 w - a +9 plate armour of ponderousness (worn)
 C - the +0 pair of gloves "Qaodurcham" (worn) {Regen+ Str+3}
   (You acquired it on level 5 of the Dungeon)

   Str:       It affects your strength (+3).
   Regen:     It increases your rate of health regeneration.
 I - a +0 tower shield
 Q - the +10 Black Knight's barding (worn) {ponderous, rPois rN+}
   (You bought it in a shop on level 1 of the Dungeon)

   rPois:     It protects you from poison.
   rN:        It protects you from negative energy.
 Y - a +2 buckler of protection
Jewellery
 g - an amulet of guardian spirit
 m - an amulet of regeneration (around neck)
 x - a +6 ring of dexterity (left hand)
 K - a ring of protection from fire
 L - an amulet of reflection
 S - a ring of protection from cold
 Z - the ring of Orulayw (right hand) {Wiz Fly rPois Str+4 Stlth-}
   (You bought it in a shop on level 13 of the Dungeon)

   [ring of wizardry]

   It improves your spell success rate.
   Str:       It affects your strength (+4).
   rPois:     It protects you from poison.
   Fly:       It grants you flight.
   Stlth:     It makes you less stealthy.
Wands
 d - a wand of flame (73)
 p - a wand of iceblast (5)
 u - a wand of acid (11)
 J - a wand of paralysis (15)
Scrolls
 b - a scroll of fog
 e - 2 scrolls of magic mapping
 M - 3 scrolls of teleportation
 W - 3 scrolls of amnesia
Potions
 h - a potion of invisibility
 k - 6 potions of curing
 l - 7 potions of cancellation
 r - 6 potions of haste
 t - 3 potions of brilliance
 z - 2 potions of lignification
 E - a potion of ambrosia
 F - 3 potions of magic
 V - 3 potions of heal wounds {unknown}
 X - a potion of attraction {unknown}
Miscellaneous
 s - a tin of tremorstones (2/2)
 G - a piece from Xom's chessboard (15/15)


   Skills:
 + Level 15.0 Fighting
 + Level 16.9 Long Blades
 + Level 6.1 Axes
 + Level 0.1 Throwing
 + Level 9.2 Armour
 + Level 5.5 Dodging
 + Level 7.6 Stealth
 + Level 3.2 Shields
 + Level 1.8 Evocations


You had 13 spell levels left.
You didn't know any spells.
Your spell library contained the following spells:

 Spells                   Type           Power      Damage    Failure   Level
 Passwall                 Tmut/Erth      0%         N/A       82%         2
 Swiftness                Air            0%         N/A       95%         3
 Summon Ice Beast         Ice/Summ       0%         N/A       100%        4
 Summon Mana Viper        Hex/Summ       0%         N/A       100%        5
 Invisibility             Hex            0%         N/A       100%        6
 Monstrous Menagerie      Summ           0%         N/A       100%        7


Dungeon Overview and Level Annotations

Branches:
Dungeon (14/15)            Temple (1/1) D:4            Lair (0/6) D:10
    Orc (0/2) D:10         Vaults (0/5) D:13          Sewer (visited)

Altars:
Ashenzari
Cheibriados
Dithmenos
Elyvilon
Fedhas
Gozag
Hepliaklqana
Kikubaaqudgha
Makhleb
Nemelex Xobeh
Okawaru
Qazlal
Ru
Sif Muna
Trog
Uskayaw
Vehumet
Wu Jian
Xom
Yredelemnul
Zin
The Shining One
Beogh

Shops:
D:1 [   D:2 ?!(([   D:11 ((:   D:13 =

Annotations:
D:14 Roxanne


Innate Abilities, Weirdness & Mutations

Your serpentine skin is tough. (AC +4)
You have supernaturally acute eyesight. (SInv)
Armour fits poorly on your strangely shaped body.
Your system is resistant to poisons. (rPois)
You cover ground very slowly.
You can spit poison.
You can use your snake-like lower body to constrict enemies.
You have sharp fingernails.
You are agile. (Dex +2)
Your muscles are strong. (Str +2)
You are occasionally teleported next to monsters.


Message History

The large slime creature is almost dead.
The large slime creature barely misses you.
You slash the large slime creature! You burn the large slime creature.
The large slime creature is almost dead.
The large slime creature hits you.
You chop the large slime creature into pieces!!!
You burn the large slime creature.
You kill the large slime creature!
You slice the enormous slime creature!! You burn the enormous slime creature.
The enormous slime creature is lightly wounded.
The enormous slime creature hits you!!
You slash the enormous slime creature! You burn the enormous slime creature.
The enormous slime creature is lightly wounded.
The enormous slime creature hits you!!
You slash the enormous slime creature! You burn the enormous slime creature.
The enormous slime creature is lightly wounded.
The enormous slime creature hits you!
You chop the enormous slime creature into pieces!!!
You burn the enormous slime creature.
The enormous slime creature is heavily wounded.
The enormous slime creature hits you but does no damage.
You open the enormous slime creature like a pillowcase!!!
You burn the enormous slime creature!
The enormous slime creature is severely wounded.
The enormous slime creature barely misses you.
You slice the enormous slime creature!! You burn the enormous slime creature!
The enormous slime creature is almost dead.
You hit the enormous slime creature. You burn the enormous slime creature.
The enormous slime creature is almost dead.
The enormous slime creature barely misses you.
You hit the enormous slime creature. You burn the enormous slime creature.
The enormous slime creature is almost dead.
The enormous slime creature hits you!!!
* * * LOW HITPOINT WARNING * * *
You slice the enormous slime creature!! You burn the enormous slime creature!
The enormous slime creature is almost dead.
The enormous slime creature hits you!!!
You die...
Xom chuckles heartily!
Your body crumbles into a pile of gold.

##+## ##...## ##
##.....## .##
##.......## ##
..####.........####...#.
.....'.........'@J......
..####.........####.....
.## ##.......## #.. ##
##.....## ## ##...##
.#########+## .......# #
.#.#.#.# .## .......#
..$##


You could see an enormous slime creature.

Vanquished Creatures
  A storm dragon (D:13)
  Azrael (D:12)
  4 vault guards (D:13)
  5 boulder beetles
  An ice dragon (D:11)
  Harold (D:10)
  2 hydras (D:13)
  11 centaur warriors (D:13)
  2 two-headed ogres
  2 death knights
  A tengu warrior (D:13)
  5 skeletal warriors
  An orc knight (D:13)
  5 ugly things
  2 salamanders (shapeshifter) (D:13)
  A deep elf pyromancer (D:13)
  4 manticores (D:13)
  6 cyclopes
  Maurice (D:13)
  3 centaur zombies
  2 gargoyles
  2 unseen horrors
  4 freezing wraiths
  2 efreet (D:13)
  3 komodo dragons
  6 trolls
  4 meliai (D:13)
  2 polar bears (D:11)
  13 slime creatures
  A hornet (D:7)
  7 wraiths
  A wyvern (D:7)
  3 vampires
  2 water elementals (D:12)
  12 yaks
  4 basilisks
  4 fire elementals (D:12)
  A steam dragon (D:9)
  2 vampire mosquitoes (D:13)
  3 acid dragons
  A water moccasin (D:8)
  3 hell hounds (D:12)
  5 orc warriors
  The ghost of cheechan the Skirmisher, an amateur NaFi (D:3)
  A swamp drake (D:10)
  An ice beast (D:5)
  A sky beast (D:7)
  2 necrophages
  2 black bears
  A wolf (D:11)
  7 ogres
  A wolf (shapeshifter) (D:13)
  8 centaurs
  A phantom (D:4)
  6 kobold brigands
  5 bullfrogs
  4 gnoll sergeants
  A scorpion (D:7)
  7 killer bees
  4 wights (D:8)
  6 howler monkeys
  4 electric eels
  3 jellies
  2 bullfrog zombies
  3 hounds
  A bullfrog skeleton (D:5)
  11 orc priests
  2 iguanas
  Jessica (D:3)
  Ijyb (D:3)
  6 orc wizards
  A killer bee zombie (D:6)
  A hound zombie (D:5)
  Robin (D:2)
  5 gnolls
  A howler monkey skeleton (D:6)
  9 river rats (Sewer)
  4 adders
  A shadow imp (D:5)
  An ufetubus (D:6)
  3 dart slugs
  29 orcs
  4 bats
  6 endoplasms
  5 giant cockroaches
  9 goblins
  3 hobgoblins
  4 jackals (D:2)
  6 quokkas
  8 ball pythons
  A frilled lizard (D:3)
  23 kobolds
  19 rats
383 creatures vanquished.

Vanquished Creatures (collateral kills)
  A shadow (D:10)
1 creature vanquished.

Vanquished Creatures (others)
  A gnoll (D:13)
  4 plants
5 creatures vanquished.

Grand Total: 389 creatures vanquished

Notes
Turn   | Place    | Note
-------+----------+-------------------------------------------
     0 | D:1      | cheechan the Naga Fighter began the quest for the Orb.
     0 | D:1      | Reached XP level 1. HP: 21/21 MP: 1/1
   293 | D:1      | Found Ruckojal's Armour Shop.
   302 | D:1      | Reached XP level 2. HP: 27/28 MP: 2/2
   673 | D:2      | Found Reunun's Distillery.
   681 | D:2      | Found a faded altar of an unknown god.
   778 | D:2      | Found Itui's Armour Boutique.
   837 | D:2      | Found Luda's Antique Weapon Boutique.
   863 | D:2      | Reached XP level 3. HP: 20/34 MP: 1/3
  1370 | D:2      | Found Han Vosa's Magic Scroll Shoppe.
  1483 | D:2      | Noticed Robin
  1509 | D:2      | HP: 1/34 [Robin/puff of flame (7)]
  1511 | D:2      | Killed Robin
  1512 | D:2      | Reached XP level 4. HP: 2/42 MP: 0/4
  1947 | D:2      | Found Jenytuq's Weapon Boutique.
  2185 | D:3      | Noticed Ijyb
  2199 | D:3      | Killed Ijyb
  2489 | D:3      | Found a hide-covered altar of Uskayaw.
  2493 | D:3      | Noticed Jessica
  2497 | D:3      | Killed Jessica
  2498 | D:3      | Reached XP level 5. HP: 45/49 MP: 5/5
  2575 | D:3      | Found a runed translucent door.
  2587 | D:3      | Found a sparkling altar of Nemelex Xobeh.
  2673 | D:3      | Noticed cheechan's ghost (amateur NaFi)
  2701 | D:3      | Killed cheechan's ghost
  2702 | D:3      | Reached skill level 1 in Dodging
  2702 | D:3      | Reached XP level 6. HP: 21/57 MP: 2/6
  2898 | D:3      | Found a snail-covered altar of Cheibriados.
  3698 | D:4      | Found a shimmering altar of Xom.
  3740 | D:4      | Became a worshipper of Xom of Chaos
  3806 | D:4      | Identified a scroll of acquirement
  3806 | D:4      | Acquired a manual of Fighting
  3878 | D:4      | XOM: silly message
  3898 | D:4      | Reached skill level 1 in Stealth
  3926 | D:4      | Found a staircase to the Ecumenical Temple.
  3952 | Temple   | Entered the Ecumenical Temple
  4049 | Temple   | XOM: silly message
  4193 | Temple   | Fell from the grace of Xom
  4193 | Temple   | Became a worshipper of Gozag Ym Sagoz the Greedy
  4503 | D:4      | Reached XP level 7. HP: 33/64 MP: 7/7
  4643 | D:4      | XOM: torment (34/66 hp)
  4671 | D:4      | XOM: give mutation
  4671 | D:4      | Gained mutation: Your mind is acute. (Int +2) [Xom's
                  | mischief]
  4780 | D:5      | Entered Level 5 of the Dungeon
  4802 | D:5      | Reached skill level 5 in Axes
  4952 | D:5      | Reached skill level 5 in Fighting
  5018 | D:5      | Identified the +9 great sword "Newtbane" {flame, rElec}
  5097 | D:5      | Reached XP level 8. HP: 74/74 MP: 8/8
  5112 | D:5      | XOM: summons 4 hostile shadow creatures
  5135 | D:5      | Acquired the +0 pair of gloves "Qaodurcham" {Regen+ Str+3}
  5378 | D:6      | Reached skill level 1 in Long Blades
  5476 | D:6      | Found a glowing drain.
  5478 | D:6      | Reached skill level 2 in Long Blades
  5493 | Sewer    | Entered a sewer
  5505 | Sewer    | XOM: stat loss: -2 Str (22/24)
  5559 | Sewer    | XOM: 3-stop teleportation journey
  5588 | Sewer    | XOM: summons 1 hostile shadow creature
  5608 | Sewer    | Reached skill level 3 in Long Blades
  6044 | D:6      | Found an ornate altar of the Wu Jian Council.
  6187 | D:6      | XOM: give mutations
  6187 | D:6      | Gained mutation: You are weak. (Str -2) [Xom's mischief]
  6187 | D:6      | Gained mutation: You are frail. (-10% HP) [Xom's mischief]
  6187 | D:6      | Lost mutation: Your mind is acute. (Int +2) [Xom's
                  | mischief]
  6187 | D:6      | Lost mutation: You are frail. (-10% HP) [Xom's mischief]
  6268 | D:6      | XOM: 10-stop teleportation journey
  6493 | D:6      | XOM: summons 1 hostile demon
  6684 | D:6      | XOM: stat loss: -1 Int (7/8)
  6747 | D:6      | XOM: give mutation
  6747 | D:6      | Gained mutation: Your body sometimes deteriorates upon
                  | taking damage. [Xom's mischief]
  6766 | D:6      | Reached skill level 4 in Long Blades
  6837 | D:7      | XOM: stat loss: -3 Str (18/22)
  6853 | D:7      | XOM: give mutation
  6853 | D:7      | Lost mutation: Your body sometimes deteriorates upon taking
                  | damage. [Xom's mischief]
  6921 | D:7      | XOM: summons 2 hostile shadow creatures
  6950 | D:7      | Noticed a hornet
  6953 | D:7      | Reached XP level 9. HP: 70/82 MP: 9/9
  6957 | D:7      | Killed a hornet
  6958 | D:7      | Reached skill level 5 in Long Blades
  7062 | D:7      | XOM: summons 7 hostile demons
  7067 | D:7      | Gained mutation: You are dopey. (Int -2) [a neqoxec]
  7068 | D:7      | Gained mutation: Your magical capacity is low. (-10% MP) [a
                  | neqoxec]
  7593 | D:1      | Bought the +10 Black Knight's barding {ponderous, rPois
                  | rN+} for 887 gold pieces
  7593 | D:1      | Found the +10 Black Knight's barding {ponderous, rPois rN+}
  8087 | D:7      | Reached skill level 6 in Long Blades
  8387 | D:8      | Reached skill level 7 in Long Blades
  8421 | D:8      | Found a sacrificial altar of Ru.
  8481 | D:8      | You fall into a shaft and drop 2 floors!
  8481 | D:10     | Entered Level 10 of the Dungeon
  8482 | D:10     | XOM: 3-stop teleportation journey
  8513 | D:10     | Reached XP level 10. HP: 94/96 MP: 9/9
  8530 | D:10     | Reached skill level 8 in Long Blades
  8535 | D:10     | Reached skill level 5 in Stealth
  8577 | D:10     | Found a staircase to the Lair.
  8746 | D:10     | XOM: enchant monster (bad)
  8871 | D:10     | Found a staircase to the Orcish Mines.
  8880 | D:10     | Reached skill level 9 in Long Blades
  8883 | D:10     | Noticed Harold
  8890 | D:10     | Reached skill level 1 in Evocations
  8898 | D:10     | Killed Harold
  9048 | D:10     | Reached skill level 10 in Long Blades
  9048 | D:10     | Reached skill level 5 in Armour
  9273 | D:10     | Reached XP level 11. HP: 106/106 MP: 9/9
  9370 | D:9      | Reached skill level 5 in Dodging
  9379 | D:9      | XOM: stat loss: -3 Int (3/6)
  9484 | D:9      | Found a hazy altar of Hepliaklqana.
  9791 | D:9      | XOM: give mutations
  9791 | D:9      | Gained mutation: You sometimes lose the ability to read
                  | scrolls when taking damage. [Xom's mischief]
  9791 | D:9      | Gained mutation: You are very dopey. (Int -4) [Xom's
                  | mischief]
  9821 | D:9      | XOM: stat loss: -1 Str (22/23)
 10046 | D:9      | XOM: give mutations
 10046 | D:9      | Lost mutation: You are very dopey. (Int -4) [Xom's
                  | mischief]
 10046 | D:9      | Gained mutation: You expend magic power (3 MP) to
                  | strengthen your wands. [Xom's mischief]
 10046 | D:9      | Gained mutation: Your body sometimes deteriorates upon
                  | taking damage. [Xom's mischief]
 10123 | D:9      | Noticed a skeletal warrior
 10125 | D:9      | Noticed a skeletal warrior
 10134 | D:9      | Killed a skeletal warrior
 10134 | D:9      | Noticed a skeletal warrior
 10135 | D:9      | Reached skill level 10 in Fighting
 10135 | D:9      | Reached skill level 11 in Long Blades
 10135 | D:9      | Killed a skeletal warrior
 10140 | D:9      | Noticed a skeletal warrior
 10147 | D:9      | Killed a skeletal warrior
 10154 | D:9      | Killed a skeletal warrior
 10248 | D:9      | XOM: summons 2 hostile demons
 10248 | D:9      | Was forgiven by Xom
 10487 | D:8      | Lost mutation: Your magical capacity is low. (-10% MP)
                  | [potion of mutation]
 10487 | D:8      | Lost mutation: You are dopey. (Int -2) [potion of mutation]
 10487 | D:8      | Gained mutation: You are occasionally teleported next to
                  | monsters. [potion of mutation]
 10487 | D:8      | Gained mutation: Your body often deteriorates upon taking
                  | damage. [potion of mutation]
 10487 | D:8      | Gained mutation: You are partially covered in iridescent
                  | scales. (AC +2) [potion of mutation]
 10488 | D:8      | Lost mutation: You are weak. (Str -2) [potion of mutation]
 10488 | D:8      | Lost mutation: Your body often deteriorates upon taking
                  | damage. [potion of mutation]
 10488 | D:8      | Lost mutation: You are partially covered in iridescent
                  | scales. (AC +2) [potion of mutation]
 10488 | D:8      | Gained mutation: Your magical capacity is low. (-10% MP)
                  | [potion of mutation]
 10488 | D:8      | Gained mutation: Your mind is acute. (Int +2) [potion of
                  | mutation]
 10489 | D:8      | Lost mutation: You sometimes lose the ability to read
                  | scrolls when taking damage. [potion of mutation]
 10489 | D:8      | Gained mutation: You are somewhat resistant to further
                  | mutation. [potion of mutation]
 10490 | D:8      | Lost mutation: Your mind is acute. (Int +2) [potion of
                  | mutation]
 10490 | D:8      | Lost mutation: Your body sometimes deteriorates upon taking
                  | damage. [potion of mutation]
 10491 | D:8      | Lost mutation: Your magical capacity is low. (-10% MP)
                  | [potion of mutation]
 10491 | D:8      | Lost mutation: You expend magic power (3 MP) to strengthen
                  | your wands. [potion of mutation]
 10491 | D:8      | Lost mutation: You are somewhat resistant to further
                  | mutation. [potion of mutation]
 10491 | D:8      | Gained mutation: You have sharp fingernails. [potion of
                  | mutation]
 10491 | D:8      | Gained mutation: You are agile. (Dex +2) [potion of
                  | mutation]
 10491 | D:8      | Gained mutation: Your muscles are strong. (Str +2) [potion
                  | of mutation]
 10753 | D:2      | Bought a +9 plate armour of ponderousness for 450 gold
                  | pieces
 11621 | D:11     | Noticed a two-headed ogre
 11629 | D:11     | Killed a two-headed ogre
 11630 | D:11     | Reached skill level 12 in Long Blades
 11634 | D:11     | Noticed a death knight
 11683 | D:11     | Found Atror's Weapon Emporium.
 11869 | D:11     | Reached XP level 12. HP: 120/120 MP: 12/12
 11997 | D:11     | Killed a death knight
 12026 | D:11     | Noticed an ice dragon
 12047 | D:11     | Killed an ice dragon
 12048 | D:11     | Reached skill level 13 in Long Blades
 12272 | D:11     | Found Fegomm's Weapon Boutique.
 12457 | D:11     | Found Ycwi's Book Shoppe.
 12541 | D:12     | Noticed a boulder beetle
 12550 | D:12     | Killed a boulder beetle
 12759 | D:12     | Noticed Azrael
 12778 | D:12     | Killed Azrael
 12918 | D:12     | Reached skill level 14 in Long Blades
 13409 | D:13     | Acquired a manual of Evocations
 13422 | D:13     | Noticed Maurice
 13428 | D:13     | Killed Maurice
 13448 | D:13     | Found a gate to the Vaults.
 13448 | D:13     | Noticed a vault guard
 13448 | D:13     | Noticed a vault guard
 13448 | D:13     | Noticed a vault guard
 13448 | D:13     | Noticed a vault guard
 13458 | D:13     | Killed a vault guard
 13459 | D:13     | Gained mutation: You can use your snake-like lower body to
                  | constrict enemies. [Naga growth]
 13459 | D:13     | Reached XP level 13. HP: 130/130 MP: 13/13
 13460 | D:13     | Killed a vault guard
 13468 | D:13     | Killed a vault guard
 13479 | D:13     | Killed a vault guard
 13661 | D:13     | Noticed a storm dragon
 13698 | D:13     | Reached skill level 15 in Long Blades
 13913 | D:13     | Bought the ring of Orulayw {Wiz Fly rPois Str+4 Stlth-} for
                  | 754 gold pieces
 13986 | D:13     | Killed a storm dragon
 13995 | D:13     | Reached skill level 16 in Long Blades
 13996 | D:13     | Reached XP level 14. HP: 96/145 MP: 14/14
 14108 | D:13     | Reached skill level 15 in Fighting
 14657 | D:14     | Found a white marble altar of Elyvilon.
 14670 | D:14     | Noticed Roxanne
 14732 | D:14     | Annihilated by an enormous slime creature

Illustrated notes

Levels and vault maps discovered:
D:1:      tarquinn_simple_flora_water_b, layout_loops_ring, serial_shops, shop
D:2:      layout_loops_corners, ebering_ecumenical_altar_petrified,
          serial_shops, shop, nicolae_shop_window_shopping, nicolae_shop_trees,
          nicolae_diamond_shop, shop, corexii_shack, uniq_robin
D:3:      layout_basic, kennysheep_slug_shrine, mainiacjoe_overflow_catwalk,
          old_standard_altar, ebering_ghost_reflecting_pool, uniq_ijyb,
          uniq_jessica
D:4:      layout_basic, lemuel_crystal_altar, minmay_temple_entry_overgrown
D:5:      layout_cave_pools, hangedman_abyss_or_decor_passed,
          hangedman_abyss_or_decor_slice
D:6:      layout_basic, nicolae_wu_jian_wuxing_cycle, portal_sewer_entry_f,
          serial_bayou_pond_a, guppyfry_early_elven_hall
D:7:      layout_cave_pools
D:8:      layout_cave_pools, nicolae_ru_sacrificial_ziggurat
D:9:      layout_stronghold, nicolae_hepliaklqana_hazy_memory
D:10:     layout_irregular_city, erik_lair_dragon,
          kennysheep_orc_monster_closet_entryway, uniq_harold
D:11:     layout_basic, portal_ice_cave_entry_animals_and_master, serial_shops,
          nicolae_shop_window_shopping, shop, shop, david_defended_altar_orc
D:12:     cheibrodos_magma_flow, layout_basic, uniq_azrael
D:13:     minmay_the_grid_square_5x5_4x4_mashed
          [minmay_the_grid_square_5x5_misaligned,
          minmay_the_grid_square_5x5_detours, minmay_the_grid_square_5x5_slash,
          minmay_the_grid_square_5x5_inner_v,
          minmay_the_grid_square_5x5_checkered_statues,
          minmay_the_grid_square_5x5_prize_waves,
          minmay_the_grid_square_5x5_prize_monsterx,
          minmay_the_grid_square_5x5_hollow_slash,
          minmay_the_grid_square_5x5_mess,
          minmay_the_grid_square_5x5_prize_rear_guard,
          minmay_the_grid_square_5x5_prize_deathbox,
          minmay_the_grid_square_5x5_v, minmay_the_grid_square_5x5_pentomino_r,
          minmay_the_grid_square_5x5_almost_minimal,
          minmay_the_grid_square_5x5_eight,
          minmay_the_grid_square_5x5_intrusive_squares], layout_long_grid,
          lightli_vaults_fourway_checkpoint, uniq_maurice
D:14:     minmay_swirls_squares, layout_loops_corners, elyvilon_altar_5,
          uniq_roxanne
Temple:   regret_index_temple_generic_petals

Skill      XL: |  1  2  3  4  5  6  7  8  9 10 11 12 13 14 |
---------------+-------------------------------------------+-----
Armour         | 3 4 5 6 7 8 9 |  9.2
Axes           | 3 4 5 6 |  6.1
Dodging        | 1 2 3 4 5 |  5.5
Shields        | 3 |  3.2
Stealth        | 1 2 3 4 5 6 7 |  7.6
Fighting       | 4 5 6 7 9 11 12 14 15 | 15.0
Long Blades    | 4 7 10 12 14 16 | 16.9
Evocations     | 1 |  1.8
Throwing       | |  0.1

Action                   |  1- 3 |  4- 6 |  7- 9 | 10-12 | 13-15 || total
-------------------------+-------+-------+-------+-------+-------++-------
Melee: War axe           |   109 |   130 |    33 |       |       ||   272
       Great sword       |       |       |   196 |   350 |   259 ||   805
       Constrict         |       |       |       |       |    43 ||    43
Throw: Throwing net      |       |       |       |       |     2 ||     2
Invok: Call Merchant     |       |       |       |       |     1 ||     1
 Abil: Spit Poison       |     5 |     9 |    15 |    12 |     2 ||    43
Evoke: Wand              |       |       |     6 |     7 |       ||    13
  Use: Scroll            |     3 |     5 |     8 |    10 |    10 ||    36
       Potion            |     1 |       |     1 |     6 |     2 ||    10
 Stab: Sleeping          |       |       |     1 |     2 |       ||     3
       Distracted        |       |       |       |     1 |     7 ||     8
       Held in net/web   |       |       |       |       |     1 ||     1
Armor: Scale mail        |    64 |    21 |       |       |       ||    85
       Leather armour    |       |    34 |   238 |    75 |       ||   347
       Crystal plate arm |       |       |       |   204 |       ||   204
       Plate armour      |       |       |       |   304 |   319 ||   623
Dodge: Dodged            |    51 |    55 |   277 |   150 |   105 ||   638
Block: Buckler           |    22 |    20 |     8 |       |       ||    50

Table legend: (Time is in decaauts)
 A = Elapsed time spent in this place.
 B = Non-inter-level travel time spent in this place.
 C = Inter-level travel time spent in this place.
 D = Time resting spent in this place.
 E = Time spent auto-exploring this place.
 F = Levels seen in this place.
 G = Mean time per level.
                   A        B        C        D        E       F      G
               +--------+--------+--------+--------+--------+-----+--------+
         Total |  20723 |  20723 |      0 |   1154 |      0 |  16 | 1295.2 |
       Dungeon |  19636 |  19636 |      0 |   1154 |      0 |  14 | 1402.6 |
        Temple |    412 |    412 |      0 |      0 |      0 |   1 |  412.0 |
         Sewer |    674 |    674 |      0 |      0 |      0 |   1 |  674.0 |
               +--------+--------+--------+--------+--------+-----+--------+

Top non-repeatable levels by time:
     D:2: 2325 daAuts
     D:3: 2078 daAuts
     D:9: 1902 daAuts
    D:13: 1807 daAuts
     D:4: 1702 daAuts
     D:6: 1689 daAuts
    D:10: 1544 daAuts
    D:11: 1477 daAuts
    D:12: 1298 daAuts
     D:1: 975 daAuts
     D:7: 953 daAuts
     D:5: 921 daAuts
     D:8: 854 daAuts
   Sewer: 674 daAuts
  Temple: 412 daAuts
